 Dungeon Crawl Stone Soup version 0.20.1-1-g8b1a95d (webtiles) character file.

1000 Peloso the Slasher (level 8, -7/68 HPs)
             Began as a Minotaur Fighter on July 8, 2017.
             Was a Follower of Okawaru.
             Mangled by Faustar's ghost (24 damage)
             ... on level 5 of the Dungeon.
             The game lasted 00:08:10 (3662 turns).

Peloso the Slasher (Minotaur Fighter)               Turns: 3662, Time: 00:08:11

Health: -7/68      AC: 11    Str: 22    XL:     8   Next: 0%
Magic:  7/7        EV:  7    Int:  5    God:    Okawaru [*.....]
Gold:   252        SH: 10    Dex: 11    Spells: 7/7 levels left

rFire    + . .     SeeInvis .   a - +0 long sword
rCold    . . .     Gourm    .   c - +0 shield
rNeg     . . .     Faith    .   p - +0 chain mail
rPois    .         Spirit   .   (helmet restricted)
rElec    .         Reflect  .   w - scarf {cloud immunity}
rCorr    .         Harm     .   (no gloves)
MR       .....     Rnd*Tele +   e - +0 pair of boots
Stlth    ..........             (no amulet)
Regen    0.3/turn               r - ring of teleportation (curse)
MPRegen  0.1/turn               u - ring of protection from fire

@: no status effects
A: retaliatory headbutt, horns 2
a: Heroism, Renounce Religion


You were on level 5 of the Dungeon.
You worshipped Okawaru.
Okawaru was aware of your devotion.
You were not hungry.

You visited 2 branches of the dungeon, and saw 6 of its levels.

You collected 252 gold pieces.

Inventory:

Hand Weapons
 a - a +0 long sword (weapon)
Armour
 c - a +0 shield (worn)
 e - a +0 pair of boots (worn)
 p - a +0 chain mail (worn)
 v - a +0 cloak
 w - a scarf of cloud immunity (worn)
Jewellery
 r - a cursed ring of teleportation (left hand)
 s - an uncursed ring of protection from cold
 u - a ring of protection from fire (right hand)
Wands
 b - a wand of flame (30/48)
 D - a wand of lightning (4/15)
Scrolls
 h - 2 scrolls of immolation {unknown}
 j - a scroll of enchant armour {unknown}
 k - 3 scrolls of remove curse {unknown}
 m - 3 scrolls of teleportation {unknown}
 z - 3 scrolls of identify {unknown}
 B - a scroll of amnesia {unknown}
 C - a scroll of fear {unknown}
 G - a scroll of noise {unknown}
 H - a scroll of blinking {unknown}
Potions
 d - 2 potions of invisibility {unknown}
 l - a potion of might
 n - a potion of agility {unknown}
 o - 2 potions of brilliance {unknown}
 q - 2 potions of curing {unknown}
 x - a potion of flight {unknown}
 A - a potion of resistance {unknown}
 E - a potion of haste {unknown}
Books
 y - a book of Maledictions

   Spells                             Type                      Level
   a - Corona                         Hexes                        1
   b - Ensorcelled Hibernation        Hexes/Ice                    2
   c - Confuse                        Hexes                        3
   d - Tukima's Dance                 Hexes                        3
   e - Dazzling Spray                 Conjuration/Hexes            3
Comestibles
 f - 7 bread rations
 g - 6 fruits
 i - 3 royal jellies
 t - a meat ration
 F - 4 chunks of flesh


   Skills:
 + Level 5.2 Fighting
 + Level 7.1 Long Blades
 + Level 5.9 Armour
 + Level 2.9 Dodging
 + Level 0.3 Stealth
 + Level 6.2 Shields


You had 7 spell levels left.
You didn't know any spells.

Dungeon Overview and Level Annotations

Branches:
Dungeon (5/15)             Temple (1/1) D:4

Altars:
Ashenzari
Elyvilon
Fedhas
Gozag
Hepliaklqana
Makhleb
Nemelex Xobeh
Okawaru
Qazlal
Ru
Sif Muna
Xom
Yredelemnul
Zin
The Shining One

Annotations:
D:5 Faustar's ghost, novice TrBe


Innate Abilities, Weirdness & Mutations

You reflexively headbutt those who attack you in melee.
You have a pair of horns on your head.


Message History

You closely miss Faustar's ghost. Your headbutt misses Faustar's ghost.
Faustar's ghost is lightly damaged.
You block Faustar's ghost's attack.
You hit Faustar's ghost.
Faustar's ghost is lightly damaged.
Faustar's ghost hits you.
You closely miss Faustar's ghost.
Faustar's ghost is lightly damaged.
Faustar's ghost hits you!!
A hound comes into view.
The hound barks!
You barely miss Faustar's ghost.
You headbutt Faustar's ghost, but do no damage.
Faustar's ghost is lightly damaged.
Faustar's ghost hits you!
* * * LOW HITPOINT WARNING * * *
You hit Faustar's ghost but do no damage.
Faustar's ghost is lightly damaged.
Faustar's ghost hits you!!
You die...

..# # #..#.#.#
#######..#.#..
#.....#.(...##
#.....#....h?.
#.....).....#####
#....)..........
. #....).....W.#
. #(..).....@..#
#...)..#...#.#
####.#.#...# #
......<.....#
#####.#...%.#
#.####### #.. ###


You could see a hound and Faustar's ghost.

Vanquished Creatures
  Sigmund (D:2)
  2 phantoms
  A centaur (D:5)
  3 howler monkeys (D:4)
  4 orc wizards
  2 orc priests
  2 worker ants (D:5)
  A hound skeleton (D:4)
  10 gnolls
  2 adders
  An ooze (D:1)
  4 worms
  2 dart slugs (D:1)
  2 leopard geckos
  20 orcs
  5 bats
  5 goblins
  6 hobgoblins
  3 jackals (D:1)
  6 kobolds
  5 quokkas
  2 ball pythons (D:1)
  4 frilled lizards
  28 rats
121 creatures vanquished.

Notes
Turn   | Place    | Note
-------+----------+-------------------------------------------
     0 | D:1      | Peloso the Minotaur Fighter began the quest for the Orb.
     0 | D:1      | Reached XP level 1. HP: 19/19 MP: 0/0
   106 | D:1      | Reached XP level 2. HP: 26/27 MP: 1/1
   393 | D:1      | Reached XP level 3. HP: 33/33 MP: 2/2
   516 | D:2      | Found a stormy altar of Qazlal.
   522 | D:2      | Reached skill level 3 in Long Blades
   574 | D:2      | Found a glowing golden altar of the Shining One.
   590 | D:2      | Noticed Sigmund
   626 | D:2      | Killed Sigmund
   626 | D:2      | Reached skill level 5 in Armour
   626 | D:2      | Reached XP level 4. HP: 8/40 MP: 3/3
   626 | D:2      | Reached XP level 5. HP: 9/46 MP: 4/4
  1373 | D:3      | Reached skill level 5 in Shields
  1472 | D:3      | Reached skill level 4 in Long Blades
  1720 | D:3      | Reached XP level 6. HP: 47/52 MP: 5/5
  2844 | D:4      | Found a stormy altar of Qazlal.
  2874 | D:4      | Reached skill level 5 in Long Blades
  2880 | D:4      | Reached XP level 7. HP: 53/60 MP: 6/6
  3019 | D:4      | Found a staircase to the Ecumenical Temple.
  3025 | Temple   | Entered the Ecumenical Temple
  3058 | Temple   | Became a worshipper of Warmaster Okawaru
  3239 | D:4      | Found a burning altar of Makhleb.
  3372 | D:4      | Reached skill level 6 in Long Blades
  3482 | D:5      | Entered Level 5 of the Dungeon
  3607 | D:5      | Reached skill level 5 in Fighting
  3624 | D:5      | Reached * piety under Okawaru
  3624 | D:5      | Reached skill level 7 in Long Blades
  3641 | D:5      | Reached XP level 8. HP: 56/68 MP: 7/7
  3654 | D:5      | Noticed Faustar's ghost (novice TrBe)
  3662 | D:5      | Mangled by Faustar's ghost

Skill      XL: |  1  2  3  4  5  6  7 |
---------------+----------------------+-----
Armour         | 4 5 |  5.9
Shields        | 4 5 6 |  6.2
Long Blades    | 3 4 5 7 |  7.1
Fighting       | 4 5 |  5.2
Dodging        | 2 |  2.9
Stealth        | |  0.3

Action                   |  1- 3 |  4- 6 |  7- 9 || total
-------------------------+-------+-------+-------++-------
Melee: Long sword        |    70 |   191 |   106 ||   367
       Headbutt          |    14 |    27 |    20 ||    61
  Use: Potion            |     1 |       |       ||     1
  Eat: Chunk             |       |     7 |     3 ||    10
Armor: Scale mail        |    46 |    24 |       ||    70
       Chain mail        |       |    75 |    40 ||   115
Dodge: Dodged            |    23 |    72 |    18 ||   113
Block: Shield            |    45 |   121 |    50 ||   216
       Rpst.: Long sword |     6 |    15 |     5 ||    26
